 Dungeon Crawl Stone Soup version 0.26-a0-712-ga5a9c9c9d0 (webtiles) character file.

Game seed: 1601524361873177112

516 ringo67 the Firebug (level 7, 0/36 HPs)
             Began as a Kobold Fire Elementalist on Nov 2, 2020.
             Killed from afar by an orc wizard (11 damage)
             ... with a magic dart
             ... on level 5 of the Dungeon.
             The game lasted 00:13:53 (7678 turns).

ringo67 the Firebug (Kobold Fire Elementalist)      Turns: 7678, Time: 00:13:54

Health: 0/36       AC: -1    Str:  5    XL:     7   Next: 44%
Magic:  10/14      EV: 15    Int: 19    God:
Gold:   331        SH:  0    Dex: 15    Spells: 10/15 levels left

rFire    . . .     SeeInvis .   t - +3 short sword (drain)
rCold    + . .     Faith    .   (shield restricted)
rNeg     . . .     Spirit   .   a - +1 robe
rPois    .         Reflect  .   (no helmet)
rElec    .         Harm     .   (no cloak)
rCorr    .         Rampage  .   (no gloves)
MR       .....                  (no boots)
Stlth    +++.......             (no amulet)
HPRegen  0.12/turn              q - ring of protection from cold
MPRegen  0.14/turn              (no ring)

@: corroded
A: small, nightstalker 3
a: no special abilities


You were on level 5 of the Dungeon.
You visited 1 branch of the dungeon, and saw 5 of its levels.

You collected 331 gold pieces.

Inventory:

Hand Weapons
 t - a +3 short sword of draining (weapon)
Missiles
 e - 44 poisoned darts (quivered)
Armour
 a - a +1 robe (worn)
Jewellery
 q - a ring of protection from cold (left hand)
 s - an uncursed amulet of faith
Wands
 p - a wand of enslavement (5)
Scrolls
 b - 4 scrolls of teleportation
 c - 3 scrolls of remove curse
 f - a scroll of fog
 i - 2 scrolls of enchant weapon
 k - 2 scrolls of enchant armour
 m - 3 scrolls of fear
 n - 2 scrolls of amnesia
 r - a scroll of identify
Potions
 d - 3 potions of curing {unknown}
 g - a potion of heal wounds
 h - 2 potions of flight
 j - 2 potions of brilliance
 l - 2 potions of magic
 o - 2 potions of lignification
 u - a potion of invisibility


   Skills:
 - Level 2.4 Dodging
 - Level 2.6 Stealth
 + Level 4.7 Spellcasting
 + Level 4.1 Conjurations
 + Level 5.2 Fire Magic


You had 10 spell levels left.
You knew the following spells:

 Your Spells              Type           Power        Failure   Level
a - Foxfire               Conj/Fire      ###.         1%          1
b - Sticky Flame          Conj/Fire      ###.....     19%         4

Your spell library contained the following spells:

 Spells                   Type           Power        Failure   Level
 Conjure Flame            Conj/Fire      ###.....     5%          3
 Beastly Appendage        Tmut           #.....       13%         1
 Inner Flame              Hex/Fire       ##......     13%         3
 Wereblood                Tmut           #.......     19%         2
 Spider Form              Tmut/Pois      #.........   36%         3
 Fireball                 Conj/Fire      ###.......   45%         5
 Ice Form                 Ice/Tmut       #.......     77%         4
 Blade Hands              Tmut           #.........   98%         5


Dungeon Overview and Level Annotations

Branches:
Dungeon (5/15)
 Temple: D:4-7

Altars:
Ashenzari
Dithmenos
Elyvilon
Sif Muna
Wu Jian
The Shining One

Annotations:
D:5 Pikel


Innate Abilities, Weirdness & Mutations

You are small and have problems with some larger weapons.
You are completely attuned to the shadows.


Message History

The lemure hits you!
Found a white marble altar of Elyvilon.
Found a stone staircase leading down.
The orc wizard hits you with a +0 dagger.
The orc wizard hits you with a +0 dagger.
Casting: Foxfire (safe; 1% risk of failure)
Confirm with . or Enter, or press ? or * to list all spells.
The spell is quite dangerous to cast (19% risk of failure)!
Continue anyway?
Aiming: Sticky Flame (quite dangerous; 19% risk of failure)
Press: ? - help, Shift-Dir - straight line, f - orc wizard
Aim: an orc wizard, wielding a +0 dagger and wearing a +0 robe (fast)
The sticky flame hits the orc wizard.
The orc wizard is lightly wounded.
The orc wizard is covered in liquid flames!
The orc wizard burns!
The orc wizard hits you with a +0 dagger.
The orc wizard burns!
The orc wizard gestures at you while chanting.
The magic dart hits you!
You die...

.............# .#
.)...........##.#
......##.#
.......#.#
.....o..J#
.......5K#
###.#o#5#
#.._'o#####
.#.#>@...#
#........
#........
#........
#........


You could see Pikel, 2 lemures, a jelly, an orc wizard (fast, burning) and an
orc.

Vanquished Creatures
  An ogre (D:5)
  2 lemures (D:4)
  A scorpion (D:4)
  2 howler monkeys (D:4)
  Ijyb (D:5)
  An orc wizard (D:5)
  3 worker ants
  A hound zombie (D:5)
  5 adders
  2 ufetubi
  An ooze (D:3)
  5 worms
  2 dart slugs
  2 leopard geckos
  6 orcs
  8 giant cockroaches
  7 hobgoblins
  9 jackals
  2 quokkas
  3 bats (D:1)
  10 frilled lizards
  15 goblins
  7 kobolds
  A leopard gecko zombie (D:5)
  10 rats
107 creatures vanquished.

Vanquished Creatures (collateral kills)
  3 foxfires (D:3)
3 creatures vanquished.

Vanquished Creatures (others)
  363 foxfires
  41 plants (D:3)
404 creatures vanquished.

Grand Total: 514 creatures vanquished

Notes
Turn   | Place    | Note
-------+----------+-------------------------------------------
     0 | D:1      | ringo67 the Kobold Fire Elementalist began the quest for
                  | the Orb.
     0 | D:1      | Reached XP level 1. HP: 10/10 MP: 3/3
   435 | D:1      | Reached XP level 2. HP: 15/15 MP: 3/5
  1012 | D:1      | Reached XP level 3. HP: 19/19 MP: 1/7
  2390 | D:2      | Reached XP level 4. HP: 24/24 MP: 5/8
  2926 | D:2      | Found a glowing golden altar of the Shining One.
  2927 | D:2      | Found a shadowy altar of Dithmenos.
  3234 | D:3      | Learned a level 4 spell: Sticky Flame
  3580 | D:3      | Found a broken altar of Ashenzari.
  3607 | D:3      | Reached XP level 5. HP: 28/28 MP: 2/9
  4327 | D:3      | Reached skill level 4 in Fire Magic
  4494 | D:3      | Found a shimmering blue altar of Sif Muna.
  5208 | D:4      | Reached XP level 6. HP: 32/32 MP: 6/11
  5797 | D:4      | Found an ornate altar of the Wu Jian Council.
  6087 | D:5      | Entered Level 5 of the Dungeon
  7139 | D:5      | Reached XP level 7. HP: 19/36 MP: 8/13
  7140 | D:5      | Noticed Ijyb
  7316 | D:5      | Killed Ijyb
  7378 | D:5      | Reached skill level 5 in Fire Magic
  7644 | D:5      | Noticed Pikel
  7672 | D:5      | Found a white marble altar of Elyvilon.
  7678 | D:5      | Killed from afar by an orc wizard

Illustrated notes

Levels and vault maps discovered:
D:1:      wheals_arrival_shading, layout_basic, minmay_pentomino_t2
D:2:      layout_loops_cross, gammafunk_temple_overflow_statue
D:3:      layout_basic, lemuel_blue_sif_altar, evilmike_ruin_ashenzari,
          serial_bayou_lagoon_a
D:4:      layout_layer_cave, marbit_many_paths
D:5:      layout_basic, kennysheep_mini, serial_shops, shop_fountains,
          minmay_misc_feat_plants, uniq_pikel, uniq_ijyb

Skill      XL: |  1  2  3  4  5  6  7 |
---------------+----------------------+-----
Conjurations   | 2 3 4 |  4.1
Spellcasting   | 3 4 |  4.7
Fire Magic     | 4 5 |  5.2
Dodging        | |  2.4
Stealth        | |  2.6

Action                   |  1- 3 |  4- 6 |  7- 9 || total
-------------------------+-------+-------+-------++-------
Melee: Unarmed           |    18 |       |       ||    18
       Short sword       |     8 |    74 |     7 ||    89
 Cast: Foxfire           |    67 |   127 |    22 ||   216
       Sticky Flame      |       |     2 |     3 ||     5
  Use: Scroll            |       |    15 |       ||    15
 Stab: Sleeping          |     4 |     7 |     1 ||    12
       Distracted        |       |     1 |       ||     1
Armor: Robe              |    11 |    10 |     4 ||    25
Dodge: Dodged            |    44 |    67 |    20 ||   131

Table legend: (Time is in decaauts)
 A = Elapsed time spent in this place.
 B = Non-inter-level travel time spent in this place.
 C = Inter-level travel time spent in this place.
 D = Time resting spent in this place.
 E = Time spent auto-exploring this place.
 F = Levels seen in this place.
 G = Mean time per level.
                   A        B        C        D        E       F      G
               +--------+--------+--------+--------+--------+-----+--------+
         Total |   7698 |   7454 |    244 |   2310 |   4108 |   5 | 1539.6 |
       Dungeon |   7698 |   7454 |    244 |   2310 |   4108 |   5 | 1539.6 |
               +--------+--------+--------+--------+--------+-----+--------+

Top non-repeatable levels by time:
     D:4: 2423 daAuts
     D:1: 1834 daAuts
     D:3: 1510 daAuts
     D:2: 1395 daAuts
     D:5: 534 daAuts
